[Event "ETCC Open 2023"]
[Site "Budva"]
[Date "2023.11.12"]
[Round "2.59"]
[White "Pultinevicius, Paulius"]
[Black "Pecurica, Milos"]
[Result "1-0"]
[ECO "E04"]
[WhiteElo "2589"]
[BlackElo "2342"]
[Annotator "TA"]
[PlyCount "43"]
[EventDate "2023.11.10"]
[EventType "team-tourn"]
[EventCountry "MNE"]
[SourceTitle "playchess.com"]
[Source "ChessBase"]
[SourceQuality "1"]
[WhiteTeam "Lithuania"]
[BlackTeam "Montenegro"]
[WhiteTeamCountry "LTU"]
[BlackTeamCountry "MNE"]
[TimeControl "40/5400+30:1800+30"]

1. d4 d5 2. Nf3 Nf6 3. c4 e6 4. g3 Bb4+ 5. Nbd2 dxc4 6. Bg2 O-O 7. Qc2 Nc6 {[%emt 0:06:48] E04: Open Catalan: 5 Nf3.} ({Black should try} 7... a5 $11) 8. O-O $5 {[%emt 0:07:09][%mdl 4] Exploring less charted territory.} Nxd4 9. Nxd4 Qxd4 {[%emt 0:00:02] White is slightly better.} 10. Nxc4 {[%emt 0:00:09] [#]} Nd5 $146 ({Predecessor:} 10... Qd8 11. Rd1 Qe7 12. a3 Bd6 13. Nxd6 cxd6 14. Bg5 Rd8 15. Rac1 {½-½ Sadzikowski,D (2504)-Bellahcene,B (2540) BL2-Sued 1920 2019 (7.3)}) 11. Rd1 {[%emt 0:06:46][%mdl 1024] White has compensation.} Qf6 12. a3 Be7 13. Bd2 (13. e4 $5 Nb6 14. e5 $14) 13... Qg6 14. e4 $1 $36 {[%emt 0:04:29][%mdl 2048] White is pushing.} Bf6 (14... f6 $14) 15. Rac1 (15. Qa4 $18) 15... Nb6 $16 16. Bb4 Nxc4 $2 {[%emt 0:03:36] This costs Black the game.} (16... Re8 $16) 17. Bxf8 $18 ({Not} 17. Qxc4 Re8 $14) 17... Nxb2 18. Rd2 {[%emt 0:01:55] White is clearly winning.} h5 {[%emt 0:12:50] [#]} 19. Qxc7 $1 e5 (19... Bd7 20. Qxd7) 20. Be7 Be6 21. Bxf6 gxf6 22. Qxb7 {[%emt 0:00:12] Weighted Error Value: White=0.11 (very precise) /Black=0.62} 1-0

[Event "ETCC Open 2023"]
[Site "Budva"]
[Date "2023.11.12"]
[Round "2.60"]
[White "Djurovic, Peko"]
[Black "Klabis, Rokas"]
[Result "1/2-1/2"]
[ECO "C75"]
[WhiteElo "2344"]
[BlackElo "2412"]
[Annotator "ChessBase"]
[PlyCount "102"]
[EventDate "2023.11.10"]
[EventType "team-tourn"]
[EventCountry "MNE"]
[SourceTitle "playchess.com"]
[Source "ChessBase"]
[SourceQuality "1"]
[WhiteTeam "Montenegro"]
[BlackTeam "Lithuania"]
[WhiteTeamCountry "MNE"]
[BlackTeamCountry "LTU"]
[TimeControl "40/5400+30:1800+30"]

1. e4 e5 2. Nf3 Nc6 3. Bb5 a6 4. Ba4 d6 5. c3 Bd7 6. O-O Nge7 7. d4 Ng6 8. Re1 Be7 9. Nbd2 O-O 10. Nf1 exd4 11. cxd4 b5 12. Bc2 Bg4 13. Be3 Nb4 14. Bb1 c5 15. d5 a5 16. h3 Bxf3 17. Qxf3 Bf6 18. Qe2 c4 19. a3 Na6 20. a4 b4 21. Qxc4 Bxb2 22. Ra2 Bc3 23. Bd2 Qf6 24. Ne3 Rfc8 25. Qb5 Rcb8 26. Qe2 b3 27. Bxc3 Qxc3 28. Rd2 Nc5 29. Nf5 Qf6 30. Rd4 Re8 31. Qd2 Rab8 32. f4 b2 33. Rc4 Qd8 34. e5 Qb6 35. Kh2 dxe5 36. fxe5 Nxe5 37. Qc3 Ncd7 38. Rc7 Qb4 39. Qg3 g6 40. Rf1 Qf8 41. d6 Kh8 42. Ne7 Rb6 43. Ba2 Rxd6 44. Rxd7 Nxd7 45. Rxf7 Qxf7 46. Bxf7 b1=Q 47. Bxe8 Qd3 48. Qh4 Kg7 49. Nf5+ gxf5 50. Qe7+ Kh6 51. Qh4+ Kg7 1/2-1/2

[Event "ETCC Open 2023"]
[Site "Budva"]
[Date "2023.11.12"]
[Round "2.61"]
[White "Kalezic, Blazo"]
[Black "Schitco, Ivan"]
[Result "0-1"]
[ECO "C79"]
[WhiteElo "2401"]
[BlackElo "2503"]
[Annotator "ChessBase"]
[PlyCount "82"]
[EventDate "2023.11.10"]
[EventType "team-tourn"]
[EventCountry "MNE"]
[SourceTitle "playchess.com"]
[Source "ChessBase"]
[SourceQuality "1"]
[WhiteTeam "Montenegro"]
[BlackTeam "Moldova"]
[WhiteTeamCountry "MNE"]
[BlackTeamCountry "MDA"]
[TimeControl "40/5400+30:1800+30"]

1. e4 e5 2. Nf3 Nc6 3. Bb5 a6 4. Ba4 Nf6 5. O-O d6 6. Bxc6+ bxc6 7. Re1 Bg4 8. h3 Bxf3 9. Qxf3 Nd7 10. d3 g6 11. Nc3 Bg7 12. Ne2 O-O 13. Ng3 Nc5 14. Be3 Ne6 15. c3 Rb8 16. b3 c5 17. Rab1 a5 18. a3 Qd7 19. h4 h5 20. Nf5 gxf5 21. exf5 Nf4 22. Bxf4 exf4 23. Qxh5 Rbe8 24. Qg5 Qd8 25. Qxf4 Bxc3 26. Re3 Kh7 27. Qg4 Rxe3 28. fxe3 Qf6 29. Rf1 Rg8 30. Qh5+ Kg7 31. Rf4 Re8 32. Kf2 Kf8 33. Ke2 Bb2 34. g4 Bc1 35. Rf3 Qb2+ 36. Kf1 Bxe3 37. f6 Qc1+ 38. Kg2 Qg1+ 39. Kh3 Qh1+ 40. Kg3 Bf4+ 41. Kxf4 Qh2+ 0-1

[Event "ETCC Open 2023"]
[Site "Budva"]
[Date "2023.11.12"]
[Round "2.62"]
[White "Macovei, Andrei"]
[Black "Krivokapic, Marko"]
[Result "1-0"]
[ECO "B81"]
[WhiteElo "2446"]
[BlackElo "2386"]
[Annotator "ChessBase"]
[PlyCount "39"]
[EventDate "2023.11.10"]
[EventType "team-tourn"]
[EventCountry "MNE"]
[SourceTitle "playchess.com"]
[Source "ChessBase"]
[SourceQuality "1"]
[WhiteTeam "Moldova"]
[BlackTeam "Montenegro"]
[WhiteTeamCountry "MDA"]
[BlackTeamCountry "MNE"]
[TimeControl "40/5400+30:1800+30"]

1. e4 c5 2. Nf3 d6 3. d4 cxd4 4. Nxd4 Nf6 5. Nc3 a6 6. h3 e6 7. g4 b5 8. Bg2 Bb7 9. O-O Nfd7 10. a4 bxa4 11. Rxa4 Nb6 12. Rb4 N8d7 13. Nd5 exd5 14. exd5 Be7 15. Nc6 Qc7 16. Re1 Bxc6 17. dxc6 Nc5 18. Qd4 Kf8 19. Bf4 Rb8 20. Qxc5 1-0

[Event "ETCC Open 2023"]
[Site "Budva"]
[Date "2023.11.12"]
[Round "2.63"]
[White "Draganic, Veljko"]
[Black "Bologan, Victor"]
[Result "0-1"]
[ECO "C41"]
[WhiteElo "2294"]
[BlackElo "2574"]
[Annotator "TA"]
[PlyCount "82"]
[EventDate "2023.11.10"]
[EventType "team-tourn"]
[EventCountry "MNE"]
[SourceTitle "playchess.com"]
[Source "ChessBase"]
[SourceQuality "1"]
[WhiteTeam "Montenegro"]
[BlackTeam "Moldova"]
[WhiteTeamCountry "MNE"]
[BlackTeamCountry "MDA"]
[TimeControl "40/5400+30:1800+30"]

1. e4 d6 2. d4 Nf6 3. Nc3 e5 4. Nf3 Nbd7 5. Bc4 Be7 6. O-O O-O 7. Re1 c6 8. a4 h6 {[%emt 0:01:00] is cutting edge theory.} 9. h3 Re8 10. Ba2 {[%emt 0:03:35] C41: Philidor Defence.} Bf8 11. dxe5 dxe5 {[%emt 0:00:53] [#]} 12. Be3 $146 {[%emt 0:04:26] The position is equal.} ({Predecessor:} 12. Nh4 Nc5 13. Qf3 Be6 14. Nf5 Bxa2 15. Rxa2 Ne6 16. Qg3 Kh7 17. Qxe5 g6 18. Rd1 Nd7 19. Nd6 Nxe5 20. Nxf7 Qf6 21. Nxe5 Qxe5 {0-1 Meissner,F (2362)-Petrova,I (2077) Titled Tuesday intern op 06th Oct blitz 2020 (2)}) 12... Nh7 (12... Bb4 $11) 13. Ne2 Qf6 14. Ng3 Nc5 15. a5 g6 16. Qd2 Bxh3 {[%emt 0:23:15][%cal Oh6h5][%mdl 64] [#] Deflection} 17. Bxh6 Rad8 18. Qe3 {[%emt 0:00:52] Strongly threatening Bxf8.} Bxh6 19. Qxh6 Bg4 20. Nh2 Be6 21. Qe3 {[%emt 0:01:38] Prevents Qf4} Qe7 22. Nf3 Bxa2 23. Rxa2 Rd7 24. b4 Na6 25. c3 ({Much worse is} 25. Qxa7 Nxb4 26. Rb2 c5 $15) 25... c5 26. b5 Nc7 27. c4 (27. Rb2 $5 ) 27... Red8 28. Nf1 Rd3 29. Qh6 Rxf3 30. gxf3 Ng5 $36 {[%emt 0:00:08][%mdl 2048] Black fights for an advantage.} 31. Kg2 Qf6 32. Ra3 (32. Nd2 $11) 32... Nce6 $17 {[%emt 0:00:19][%cal Bc7e6,Be6f4,Bf4h5][%mdl 1056] And now ...Nf4+ would win. Black has strong compensation.} 33. Nh2 Nf4+ 34. Kg3 $2 (34. Kh1 $11) 34... Nh5+ {[%emt 0:02:37] Excellent horsemanship.} ({Stronger than} 34... Nd3 35. Rd1 Qf4+ 36. Kg2 $11) 35. Kg2 {[%emt 0:00:07] [#]} Qf4 (35... Ne6 $1 $19 {[%cal Re6f4] has better winning chances. White must now prevent ...Nef4+.} 36. Rg1 Qh4) 36. Kh1 $2 {[%emt 0:01:25] This costs White the game.} (36. Ng4 $17 Nxf3 37. Qxf4 Nxe1+ 38. Kf1 exf4 39. Kxe1) 36... Qh4 $19 37. f4 exf4 38. Kg1 Rd2 {[%emt 0:00:40] Black mates.} 39. Rf1 f3 {[%emt 0:00:54][%mdl 64] Decoy} 40. Nxf3 Qg4+ (40... Qxe4 $2 41. Nxg5 Qf5 42. a6 $18) 41. Kh2 Qg3+ {[%emt 0:30:23] Artfully played by Bologan.   Weighted Error Value: White=0.79/Black=0.48} 0-1

[Event "ETCC Open 2023"]
[Site "Budva"]
[Date "2023.11.12"]
[Round "2.64"]
[White "Lashkin, Jegor"]
[Black "Miletic, Vuk"]
[Result "1-0"]
[ECO "D30"]
[WhiteElo "2457"]
[BlackElo "2190"]
[Annotator "ChessBase"]
[PlyCount "57"]
[EventDate "2023.11.10"]
[EventType "team-tourn"]
[EventCountry "MNE"]
[SourceTitle "playchess.com"]
[Source "ChessBase"]
[SourceQuality "1"]
[WhiteTeam "Moldova"]
[BlackTeam "Montenegro"]
[WhiteTeamCountry "MDA"]
[BlackTeamCountry "MNE"]
[TimeControl "40/5400+30:1800+30"]

1. d4 d5 2. c4 e6 3. Nf3 a6 4. Bg5 Be7 5. Bxe7 Qxe7 6. Nbd2 Nf6 7. g3 b6 8. Rc1 Bb7 9. Bg2 O-O 10. O-O Rc8 11. cxd5 exd5 12. Qb3 Nbd7 13. e3 Rab8 14. Rfd1 c5 15. Qa3 Qe6 16. dxc5 bxc5 17. Nb3 Qb6 18. Rc2 Rc7 19. Rdc1 Ne4 20. Nfd2 Nxd2 21. Rxd2 c4 22. Na5 Nf6 23. Nxb7 Qxb7 24. Qa5 g6 25. Qc3 Qb6 26. Bxd5 Rd7 27. Rcd1 Rbd8 28. Bxc4 Ne4 29. Bxf7+ 1-0

[Event "ETCC Open 2023"]
[Site "Budva"]
[Date "2023.11.12"]
[Round "2.65"]
[White "Nielsen, Hogni Egilstoft"]
[Black "Georgiadis, Nico"]
[Result "1/2-1/2"]
[ECO "B51"]
[WhiteElo "2387"]
[BlackElo "2556"]
[Annotator "RC"]
[PlyCount "71"]
[EventDate "2023.11.10"]
[EventType "team-tourn"]
[EventCountry "MNE"]
[SourceTitle "playchess.com"]
[Source "ChessBase"]
[SourceQuality "1"]
[WhiteTeam "Faroe Islands"]
[BlackTeam "Switzerland"]
[WhiteTeamCountry "FAI"]
[BlackTeamCountry "SUI"]
[TimeControl "40/5400+30:1800+30"]

1. e4 c5 2. Nf3 d6 3. Bb5+ Nd7 4. O-O a6 5. Bd3 Ngf6 6. c3 e6 7. Bc2 b5 8. d4 Bb7 9. Re1 Be7 10. Nbd2 Qc7 11. Nf1 Rc8 12. Bd3 O-O 13. Ng3 Rfe8 14. h3 Bf8 15. Be3 e5 16. d5 c4 17. Bc2 g6 18. Nh2 h5 19. Nf3 Nc5 20. Qd2 Bg7 21. Bh6 Bh8 22. Nh4 Qd8 23. Bg5 Qb6 24. Nhf5 Ncd7 25. Be3 Qc7 26. Nh6+ Kf8 27. f4 exf4 28. Bxf4 h4 29. Ngf5 gxf5 30. Nxf5 Ne5 31. Bxe5 Rxe5 32. Qh6+ Kg8 33. Qg5+ Kf8 34. Qh6+ Kg8 35. Qg5+ Kf8 36. Qh6+ 1/2-1/2

[Event "ETCC Open 2023"]
[Site "Budva"]
[Date "2023.11.12"]
[Round "2.66"]
[White "Pelletier, Yannick"]
[Black "Poulsen, Martin"]
[Result "1-0"]
[ECO "D93"]
[WhiteElo "2505"]
[BlackElo "2291"]
[Annotator "ChessBase"]
[PlyCount "53"]
[EventDate "2023.11.10"]
[EventType "team-tourn"]
[EventCountry "MNE"]
[SourceTitle "playchess.com"]
[Source "ChessBase"]
[SourceQuality "1"]
[WhiteTeam "Switzerland"]
[BlackTeam "Faroe Islands"]
[WhiteTeamCountry "SUI"]
[BlackTeamCountry "FAI"]
[TimeControl "40/5400+30:1800+30"]

1. d4 Nf6 2. c4 c6 3. Nf3 d5 4. Qc2 g6 5. Bf4 Bg7 6. e3 O-O 7. Nc3 a6 8. h3 Bf5 9. Qb3 b5 10. cxd5 cxd5 11. Ne5 Be6 12. Qa3 Nfd7 13. Bxb5 Nxe5 14. Bxe5 Bxe5 15. dxe5 Qc7 16. O-O axb5 17. Qxa8 Nc6 18. Nxb5 Qd7 19. Qa4 Nxe5 20. Nc3 Qc8 21. Rfd1 Rd8 22. Rac1 Nc4 23. Nxd5 Bxd5 24. Rxc4 Bxc4 25. Rxd8+ Qxd8 26. Qxc4 Qd2 27. Qc8+ 1-0

[Event "ETCC Open 2023"]
[Site "Budva"]
[Date "2023.11.12"]
[Round "2.67"]
[White "Egilstoft, Rogvi"]
[Black "Kurmann, Oliver"]
[Result "1/2-1/2"]
[ECO "B22"]
[WhiteElo "2254"]
[BlackElo "2436"]
[Annotator "ChessBase"]
[PlyCount "71"]
[EventDate "2023.11.10"]
[EventType "team-tourn"]
[EventCountry "MNE"]
[SourceTitle "playchess.com"]
[Source "ChessBase"]
[SourceQuality "1"]
[WhiteTeam "Faroe Islands"]
[BlackTeam "Switzerland"]
[WhiteTeamCountry "FAI"]
[BlackTeamCountry "SUI"]
[TimeControl "40/5400+30:1800+30"]

1. e4 c5 2. c3 Nf6 3. e5 Nd5 4. d4 cxd4 5. Nf3 Nc6 6. cxd4 d6 7. Bc4 dxe5 8. dxe5 Be6 9. Qe2 Qc7 10. O-O g6 11. Bxd5 Bxd5 12. Nc3 Bxf3 13. Qxf3 Bg7 14. Nd5 Qxe5 15. Qb3 Rd8 16. Nc3 Rd7 17. Be3 O-O 18. Rfe1 Qf5 19. Rad1 Rfd8 20. Rxd7 Rxd7 21. h3 h5 22. Rd1 Nd4 23. Qc4 e5 24. Qc8+ Kh7 25. Bxd4 exd4 26. Ne4 Rd5 27. Qxf5 Rxf5 28. Kf1 Ra5 29. a3 Rb5 30. b4 a5 31. Nd6 Rd5 32. Nxb7 axb4 33. axb4 Bf8 34. Nc5 Bxc5 35. bxc5 Rxc5 36. Rxd4 1/2-1/2

[Event "ETCC Open 2023"]
[Site "Budva"]
[Date "2023.11.12"]
[Round "2.68"]
[White "Baenziger, Fabian"]
[Black "Rodgaard, John"]
[Result "1/2-1/2"]
[ECO "A07"]
[WhiteElo "2422"]
[BlackElo "2281"]
[Annotator "ChessBase"]
[PlyCount "60"]
[EventDate "2023.11.10"]
[EventType "team-tourn"]
[EventCountry "MNE"]
[SourceTitle "playchess.com"]
[Source "ChessBase"]
[SourceQuality "1"]
[WhiteTeam "Switzerland"]
[BlackTeam "Faroe Islands"]
[WhiteTeamCountry "SUI"]
[BlackTeamCountry "FAI"]
[TimeControl "40/5400+30:1800+30"]

1. Nf3 d5 2. g3 Nf6 3. Bg2 e6 4. O-O b5 5. a4 b4 6. d3 Bb7 7. e4 Be7 8. exd5 Bxd5 9. Nbd2 c5 10. Nc4 O-O 11. Bf4 Nc6 12. Re1 Rc8 13. Qe2 Qd7 14. c3 Rfd8 15. a5 h6 16. a6 bxc3 17. bxc3 Bxf3 18. Qxf3 Nd5 19. Bd2 Bf6 20. Ra3 Nde7 21. Bf1 Ng6 22. Qh5 Qc7 23. Rb3 Na5 24. Nxa5 Qxa5 25. Rb7 Qxa6 26. Qf3 Qa5 27. Bxh6 Qxc3 28. Rc1 Ne5 29. Qh5 Qd4 30. Bf4 Ng6 1/2-1/2

[Event "ETCC Open 2023"]
[Site "Budva"]
[Date "2023.11.12"]
[Round "2.69"]
[White "Gretarsson, Hjorvar Steinn"]
[Black "Saraci, Nderim"]
[Result "1-0"]
[ECO "D35"]
[WhiteElo "2518"]
[BlackElo "2466"]
[Annotator "ChessBase"]
[PlyCount "85"]
[EventDate "2023.11.10"]
[EventType "team-tourn"]
[EventCountry "MNE"]
[SourceTitle "playchess.com"]
[Source "ChessBase"]
[SourceQuality "1"]
[WhiteTeam "Iceland"]
[BlackTeam "Kosovo"]
[WhiteTeamCountry "ISL"]
[BlackTeamCountry "KOS"]
[TimeControl "40/5400+30:1800+30"]

1. Nf3 Nf6 2. d4 d5 3. c4 e6 4. Nc3 Be7 5. Bf4 O-O 6. e3 c6 7. Qc2 Nbd7 8. cxd5 exd5 9. Bd3 b6 10. O-O Bb7 11. Rfd1 Re8 12. h3 Nf8 13. Ne5 Bd6 14. Bg3 Ng6 15. f4 c5 16. Qf2 a6 17. a4 Rc8 18. Rac1 Rc7 19. Rf1 Qc8 20. Nxg6 fxg6 21. f5 Bxg3 22. Qxg3 g5 23. Qxg5 Rce7 24. Rf3 Qc7 25. Kf2 c4 26. Bc2 b5 27. axb5 axb5 28. Rg3 b4 29. Ne2 c3 30. b3 h6 31. Qh4 Bc8 32. Nf4 Qd6 33. Ra1 Re4 34. Ra7 Bd7 35. Rg6 Rxe3 36. Rxd7 Qxd7 37. Qxf6 R3e7 38. Rg4 Rf7 39. Qg6 Qe7 40. Kg3 Qe3+ 41. Kh2 Qxd4 42. f6 Re4 43. Qxg7+ 1-0

[Event "ETCC Open 2023"]
[Site "Budva"]
[Date "2023.11.12"]
[Round "2.70"]
[White "Uruci, Endrit"]
[Black "Stefansson, Hannes"]
[Result "1-0"]
[ECO "C56"]
[WhiteElo "2315"]
[BlackElo "2518"]
[Annotator "ChessBase"]
[PlyCount "85"]
[EventDate "2023.11.10"]
[EventType "team-tourn"]
[EventCountry "MNE"]
[SourceTitle "playchess.com"]
[Source "ChessBase"]
[SourceQuality "1"]
[WhiteTeam "Kosovo"]
[BlackTeam "Iceland"]
[WhiteTeamCountry "KOS"]
[BlackTeamCountry "ISL"]
[TimeControl "40/5400+30:1800+30"]

1. e4 e5 2. Nf3 Nc6 3. d4 exd4 4. Bc4 Nf6 5. e5 d5 6. Bb5 Ne4 7. Nxd4 Bd7 8. Bxc6 bxc6 9. O-O Bc5 10. Be3 Bb6 11. f3 Nc5 12. f4 Ne4 13. Nd2 c5 14. N4b3 Nxd2 15. Qxd2 d4 16. Bf2 Bc6 17. c4 Qd7 18. Rae1 O-O-O 19. Bh4 Rde8 20. f5 g6 21. fxg6 fxg6 22. Bf6 Rhf8 23. Nc1 Bb7 24. Nd3 Qc6 25. Re2 a5 26. Qh6 Qe6 27. b3 Qg4 28. Qd2 g5 29. h3 Qh5 30. e6 g4 31. hxg4 Qxg4 32. Rf4 Qh5 33. Re5 Qg6 34. Rg5 Rxf6 35. Rxg6 Rxg6 36. Rf2 Rgxe6 37. Qg5 Be4 38. Nxc5 Rg6 39. Qe7 Rgg8 40. Qd7+ Kb8 41. Qb5 Re7 42. Nxe4 Rxe4 43. c5 1-0

[Event "ETCC Open 2023"]
[Site "Budva"]
[Date "2023.11.12"]
[Round "2.71"]
[White "Kjartansson, Gudmundur"]
[Black "Asllani, Muhamet"]
[Result "1-0"]
[ECO "A18"]
[WhiteElo "2449"]
[BlackElo "2216"]
[Annotator "ChessBase"]
[PlyCount "53"]
[EventDate "2023.11.10"]
[EventType "team-tourn"]
[EventCountry "MNE"]
[SourceTitle "playchess.com"]
[Source "ChessBase"]
[SourceQuality "1"]
[WhiteTeam "Iceland"]
[BlackTeam "Kosovo"]
[WhiteTeamCountry "ISL"]
[BlackTeamCountry "KOS"]
[TimeControl "40/5400+30:1800+30"]

1. c4 Nf6 2. Nc3 e6 3. e4 d5 4. e5 d4 5. exf6 dxc3 6. bxc3 Qxf6 7. Bd3 Bd6 8. Nf3 O-O 9. O-O e5 10. Be4 h6 11. Rb1 c6 12. Re1 Nd7 13. d4 Qd8 14. Bc2 exd4 15. Qd3 Nf6 16. cxd4 Re8 17. Rxe8+ Qxe8 18. Bb2 Bg4 19. Re1 Qd7 20. d5 Re8 21. Bxf6 Rxe1+ 22. Nxe1 gxf6 23. h3 Bb4 24. Qh7+ Kf8 25. Nd3 Bd2 26. hxg4 Qxg4 27. d6 1-0

[Event "ETCC Open 2023"]
[Site "Budva"]
[Date "2023.11.12"]
[Round "2.72"]
[White "Saraci, Korab"]
[Black "Heimisson, Hilmir Freyr"]
[Result "0-1"]
[ECO "C55"]
[WhiteElo "2200"]
[BlackElo "2377"]
[Annotator "ChessBase"]
[PlyCount "74"]
[EventDate "2023.11.10"]
[EventType "team-tourn"]
[EventCountry "MNE"]
[SourceTitle "playchess.com"]
[Source "ChessBase"]
[SourceQuality "1"]
[WhiteTeam "Kosovo"]
[BlackTeam "Iceland"]
[WhiteTeamCountry "KOS"]
[BlackTeamCountry "ISL"]
[TimeControl "40/5400+30:1800+30"]

1. e4 e5 2. Nf3 Nc6 3. Bc4 Nf6 4. d3 h6 5. c3 d6 6. h3 g6 7. O-O g5 8. b4 g4 9. hxg4 Nxg4 10. Re1 Qf6 11. Be3 Be7 12. d4 Qg6 13. b5 Rg8 14. Bf1 Nd8 15. Nbd2 Bd7 16. a4 Ne6 17. Nc4 Qh5 18. dxe5 dxe5 19. Qd5 Rd8 20. Qxb7 Ng5 21. Bxg5 hxg5 22. g3 Bc5 23. Ra2 Nxf2 24. Bg2 Nd3+ 25. Re3 g4 26. Nd4 exd4 27. Rxd3 dxc3+ 28. Kf1 Qh6 29. Qxc7 Qc1+ 30. Ke2 Qg1 31. Ne3 Bxe3 32. Qe5+ Be6 33. Rxd8+ Kxd8 34. Qb8+ Ke7 35. Qc7+ Kf6 36. e5+ Kg7 37. Kd3 Bxa2 0-1

[Event "ETCC Open 2023"]
[Site "Budva"]
[Date "2023.11.12"]
[Round "2.73"]
[White "Morrison, Graham"]
[Black "Dardha, Daniel"]
[Result "0-1"]
[ECO "E10"]
[WhiteElo "2221"]
[BlackElo "2575"]
[Annotator "TA"]
[PlyCount "82"]
[EventDate "2023.11.10"]
[EventType "team-tourn"]
[EventCountry "MNE"]
[SourceTitle "playchess.com"]
[Source "ChessBase"]
[SourceQuality "1"]
[WhiteTeam "Scotland"]
[BlackTeam "Belgium"]
[WhiteTeamCountry "SCO"]
[BlackTeamCountry "BEL"]
[TimeControl "40/5400+30:1800+30"]

1. d4 Nf6 2. c4 e6 3. Nf3 h6 4. g3 d5 5. Bg2 Bb4+ 6. Bd2 {[%emt 0:00:32] E10: Blumenfeld Gambit.} Be7 {[%emt 0:00:08] is the new trend.} 7. O-O O-O 8. Qc2 {[%emt 0:00:40] The position is equal.} c6 9. Rd1 Nbd7 10. Bf4 a5 11. Nc3 (11. Ne5 {is more complex.} Nh5 12. Be3 Nhf6 13. f3) 11... dxc4 12. e4 Nb6 {[%emt 0:19:46] [#]} (12... b6 $11) 13. Ne5 $146 ({Predecessor:} 13. Qe2 Ne8 14. Ne5 Nd6 15. h4 a4 16. a3 Nb5 17. Be3 Nxc3 18. bxc3 Qc7 19. Nxc4 Nxc4 20. Qxc4 {0-1 Sapenov,D (2276)-Daneshvar,B (2516) World ol U16 2022 (6.2)}) 13... Qe8 14. Be3 Nfd7 15. f4 Nxe5 $1 16. dxe5 Nd7 17. Ne2 b5 18. b3 Ba6 19. bxc4 bxc4 (19... b4 $5 ) 20. Qd2 (20. Bf1 $11 {keeps the balance.}) 20... Nc5 $17 {[%emt 0:02:41] White is on the road to losing.} 21. Qxa5 {[%emt 0:00:29] [#]} c3 $1 22. Nxc3 {[%emt 0:00:33] [#]} Be2 $1 {[%emt 0:00:17][%mdl 576] Discovered Attack} 23. Qb6 (23. Qb4 Bxd1) 23... Ra6 24. Qb2 (24. Qb4 $17 Bxd1 25. Bxc5 Bxc5+ 26. Qxc5) 24... Bxd1 $19 25. Rxd1 Na4 26. Nxa4 Rxa4 27. Qc2 {[%emt 0:05:53] [#]} (27. Qb7 $142) 27... Qa8 $1 28. Rd2 Ra3 29. Bf2 Rd8 {[%emt 0:01:18] And now ...Rxd2 would win.} 30. Re2 Qa5 31. Qxc6 $2 (31. Bf1) 31... Rc3 32. Qb6 Rc1+ 33. Bf1 Qa4 {[%emt 0:02:00] Threatens to win with ...Rdd1.} 34. Be3 Ra1 {[%emt 0:01:26] ...Rdd1 is the strong threat.} ({Not} 34... Qxe4 35. Bxc1 Qc4 36. Be3 $18) 35. Kf2 Qd1 {[%emt 0:04:32][%csl Ga1][%cal Rd1f1] Dodges Qb3} (35... Rxa2 $2 {loses.} 36. Rxa2 Qxa2+ 37. Be2 $19) ({Inferior is} 35... Qxe4 36. Bg2 Qd3 37. Qc7 $17) 36. Bg2 Rd3 37. Qb8+ Kh7 {[%emt 0:00:20][%cal Od3e3] ( -> ...Rxe3!)} 38. Qc7 {[%emt 0:01:00] [#]} h5 $1 39. Qxe7 (39. Qa7 Bb4) 39... Qg1+ {[%emt 0:00:09] Black mates.} 40. Kf3 {[%emt 0:00:07] [#]} Rf1+ $1 41. Bxf1 Rxe3+ {[%emt 0:30:06] Magnificent play by Dardha!   Weighted Error Value: White=1.05/Black=0.25 (precise)} 0-1

[Event "ETCC Open 2023"]
[Site "Budva"]
[Date "2023.11.12"]
[Round "2.74"]
[White "Glek, Igor"]
[Black "Mitchell, Martin"]
[Result "1/2-1/2"]
[ECO "B08"]
[WhiteElo "2435"]
[BlackElo "2186"]
[Annotator "ChessBase"]
[PlyCount "112"]
[EventDate "2023.11.10"]
[EventType "team-tourn"]
[EventCountry "MNE"]
[SourceTitle "playchess.com"]
[Source "ChessBase"]
[SourceQuality "1"]
[WhiteTeam "Belgium"]
[BlackTeam "Scotland"]
[WhiteTeamCountry "BEL"]
[BlackTeamCountry "SCO"]
[TimeControl "40/5400+30:1800+30"]

1. e4 d6 2. d4 Nf6 3. Nc3 g6 4. Nf3 Bg7 5. Be3 a6 6. a4 O-O 7. h3 Nc6 8. Bc4 e6 9. O-O d5 10. Bd3 dxe4 11. Nxe4 Nd5 12. Bg5 f6 13. Bd2 f5 14. Bg5 Nde7 15. Nc5 h6 16. Be3 Nxd4 17. Bc4 Nxf3+ 18. Qxf3 Nd5 19. Rad1 c6 20. Nb3 b5 21. Bxd5 cxd5 22. a5 Bb7 23. Nc5 Qe7 24. b4 d4 25. Qxb7 Qxb7 26. Nxb7 dxe3 27. fxe3 Bc3 28. Rb1 Rfc8 29. Rfd1 Rc7 30. Nd8 Be5 31. Nxe6 Rxc2 32. Nc5 Bc3 33. Rd6 Bxb4 34. Rxb4 Rxc5 35. Rxg6+ Kh7 36. Rb6 Rg8 37. Rd4 Rc2 38. Rd7+ Rg7 39. Rxg7+ Kxg7 40. Rxa6 Ra2 41. Ra7+ Kf6 42. a6 b4 43. Rb7 Rxa6 44. Rxb4 Ra2 45. Kf1 Rc2 46. Rf4 Kg5 47. h4+ Kg6 48. g3 Rb2 49. Rf2 Rb1+ 50. Kg2 Re1 51. Kf3 h5 52. Rd2 Rf1+ 53. Ke2 Rg1 54. Rd6+ Kg7 55. Kf2 Ra1 56. Rb6 Rc1 1/2-1/2

[Event "ETCC Open 2023"]
[Site "Budva"]
[Date "2023.11.12"]
[Round "2.75"]
[White "Grant, Jonathan I M"]
[Black "Beukema, Jasper"]
[Result "0-1"]
[ECO "A21"]
[WhiteElo "2150"]
[BlackElo "2357"]
[Annotator "ChessBase"]
[PlyCount "54"]
[EventDate "2023.11.10"]
[EventType "team-tourn"]
[EventCountry "MNE"]
[SourceTitle "playchess.com"]
[Source "ChessBase"]
[SourceQuality "1"]
[WhiteTeam "Scotland"]
[BlackTeam "Belgium"]
[WhiteTeamCountry "SCO"]
[BlackTeamCountry "BEL"]
[TimeControl "40/5400+30:1800+30"]

1. c4 e5 2. Nc3 Bb4 3. Na4 Be7 4. Nf3 Nc6 5. e3 Nf6 6. d4 exd4 7. exd4 d5 8. c5 O-O 9. Be2 Ne4 10. O-O Be6 11. a3 a5 12. Be3 f5 13. g3 Qd7 14. Bb5 Bf6 15. Bf4 Qe7 16. Bxc6 bxc6 17. Be5 f4 18. Bxf4 g5 19. Bc1 Bg4 20. h3 Bxh3 21. Re1 Bg4 22. Re3 Qf7 23. Qf1 Qh5 24. Nh2 Bxd4 25. Rxe4 Rxf2 26. Nxg4 Rxf1+ 27. Kxf1 Qh1+ 0-1